 Dungeon Crawl Stone Soup version 0.30-a0-777-ga9a30cbeda (webtiles) character file.

Game seed: 9994762016327638008

70 sanka the Cudgeller (level 4, -6/40 HPs)
             Began as a Minotaur Fighter on Feb 13, 2023.
             Mangled by a gnoll
             ... wielding a +0 halberd
              (10 damage)
             ... on level 2 of the Dungeon.
             The game lasted 00:01:41 (1124 turns).

sanka the Cudgeller (Minotaur Fighter)              Turns: 1124, Time: 00:01:42

Health: -6/40      AC:  6    Str: 20    XL:     4   Next: 4%
Magic:  3/3        EV:  9    Int:  5    God:
Gold:   110        SH:  4    Dex: 12    Spells: 3/3 levels left

rFire   . . .      SeeInvis .    a - +0 flail
rCold   . . .      Faith    .    c - +0 buckler
rNeg    . . .      Spirit   .    b - +0 scale mail
rPois   .          Reflect  .    (helmet restricted)
rElec   .          Harm     .    (no cloak)
rCorr   .          Rampage  .    (no gloves)
Will    .....                    (no boots) Stlth
                                 (no amulet)
HPRegen 0.26/turn                (no ring)
MPRegen 0.08/turn                (no ring)

@: no status effects
A: horns 2, retaliatory headbutt
a: no special abilities


You were on level 2 of the Dungeon.
You visited 1 branch of the dungeon, and saw 2 of its levels.

You collected 110 gold pieces.


Innate Abilities, Weirdness & Mutations

You have a pair of horns on your head.
You reflexively headbutt those who attack you in melee.


   Skills:
 - Level 4.0 Fighting
 + Level 5.0 Maces & Flails
 - Level 3.6 Armour
 - Level 3.6 Shields


You had 3 spell levels left.
You didn't know any spells.
Your spell library was empty.

Inventory:

Hand Weapons
 a - a +0 flail (weapon)
Armour
 b - a +0 scale mail (worn)
 c - a +0 buckler (worn)
 l - a +0 pair of gloves
Scrolls
 e - 2 scrolls of identify {unknown}
 f - a scroll of immolation {unknown}
 j - a scroll of torment {unknown}
 k - a scroll of poison {unknown}
Potions
 d - a potion of might
 g - a potion of magic {unknown}
 h - 2 potions of curing {unknown}
 i - a potion of attraction {unknown}
 m - a potion of flight {unknown}

Dungeon Overview and Level Annotations

Branches:
Dungeon (2/15)

Altars:

Shops:
D:1

:
....').......'...>...▒
....▒........▒▒▒▒.▒▒.▒
▒▒▒▒▒▒▒▒▒....▒ ▒.....▒
▒▒ ▒▒.▒▒▒▒▒▒▒▒▒▒..▒▒▒▒
.▒ ▒...▒ ▒.......▒
.▒▒▒...▒▒ ▒.......▒▒
..▒..▒..▒ ▒.)......▒
▒.▒.▒▒▒.▒▒▒........▒▒▒
▒...▒ ▒.........Hb...▒
▒▒.▒▒ ▒▒..▒▒▒▒▒▒▒†▒▒.▒
▒.▒ ▒.▒▒ ▒gg▒ ... ▒▒▒
▒▒▒ ▒.g▒ ▒. ▒... ▒...▒
▒...£ ▒..... ▒▒.▒..


You could see 2 gnolls and a bat.


Message History

The gnoll is heavily wounded.
The hobgoblin hits you but does no damage.
The gnoll hits you with a +0 halberd! The hobgoblin attacks as you move away!
The hobgoblin hits you but does no damage.
The gnoll hits you from afar with a +0 halberd!
A bat comes into view.
You sock the hobgoblin!
You kill the hobgoblin!
You block the bat's attack. You block the bat's attack.
The gnoll barely misses you.
You miss the bat. Your headbutt misses the bat.
The bat hits you but does no damage.
The gnoll hits you from afar with a +0 halberd.
You block the bat's attack.
You miss the bat. Your headbutt misses the bat. You block the bat's attack.
The bat hits you but does no damage. You block the bat's attack.
The gnoll hits you from afar with a +0 halberd!
* * * LOW HITPOINT WARNING * * *
The gnoll hits you from afar with a +0 halberd!
* * * LOW HITPOINT WARNING * * *
You barely miss the bat. The bat hits you but does no damage.
The gnoll hits you from afar with a +0 halberd!
You die...

Action                     |  1- 3 |  4- 6 || total
---------------------------+-------+-------++-------
  Melee: Flail             |    90 |     6 ||    96
         Headbutt          |    11 |       ||    11
 Armour: Scale mail        |    46 |     5 ||    51
  Dodge: Dodged            |    44 |     2 ||    46
  Block: Buckler           |    30 |     5 ||    35

Levels and vault maps discovered:
D:1:      dpeg_arrival_rhombi, layout_loops_ring, dk_noncrumbling_3,
          nicolae_shop_vocational
D:2:      layout_basic, serial_curves, eino_curves_03, eino_curves_04,
          uniq_jessica

Notes
Turn   | Place    | Note
-------+----------+-------------------------------------------
     0 | D:1      | sanka the Minotaur Fighter began the quest for the Orb.
     0 | D:1      | Reached XP level 1. HP: 19/19 MP: 0/0
   125 | D:1      | Reached skill level 4 in Fighting
   157 | D:1      | Reached skill level 3 in Maces & Flails
   157 | D:1      | Reached XP level 2. HP: 27/27 MP: 1/1
   293 | D:1      | Reached skill level 4 in Maces & Flails
   360 | D:1      | Reached XP level 3. HP: 32/33 MP: 2/2
   543 | D:1      | Found Elyow's Vocational Training.
  1076 | D:2      | Reached skill level 5 in Maces & Flails
  1078 | D:2      | Reached XP level 4. HP: 37/40 MP: 3/3
  1123 | D:2      | HP: 4/40 [gnoll/+0 halberd (9)]
  1124 | D:2      | Mangled by a gnoll

Vanquished Creatures
  A gnoll (D:1)
  An adder (D:2)
  A dart slug (D:1)
  3 ball pythons (D:1)
  2 endoplasms (D:1)
  A giant cockroach (D:2)
  3 goblins
  6 hobgoblins
  10 jackals
  3 kobolds
  6 bats
  2 frilled lizards (D:1)
  4 rats
43 creatures vanquished.
